 Dungeon Sprint DCSS version 0.20.1-1-g8b1a95d (webtiles) character file.

1610 equalderp2856 the Cleaver (level 8, -3/82 HPs)
             Began as a Minotaur Fighter on Sept 4, 2017.
             Slain by a 13-headed hydra (6 damage)
             ... in the Dungeon (Sprint IX: "|||||||||||||||||||||||||||||").
             The game lasted 00:02:11 (955 turns).

equalderp2856 the Cleaver (Minotaur Fighter)         Turns: 955, Time: 00:02:12

Health: -3/82      AC: 16    Str: 20    XL:     8   Next: 63%
Magic:  7/7        EV:  8    Int:  9    God:
Gold:   12         SH:  0    Dex: 15    Spells: 7/7 levels left

rFire    . . .     SeeInvis .   z - +2 halberd (venom)
rCold    . . .     Gourm    .   (shield currently unavailable)
rNeg     . . .     Faith    .   r - +0 plate armour
rPois    .         Spirit   .   (helmet restricted)
rElec    .         Reflect  .   (no cloak)
rCorr    .         Harm     .   t - +0 pair of gloves
MR       .....     NoTele   +   (no boots)
Stlth    ..........             (no amulet)
Regen    0.3/turn               p - +3 ring of intelligence
MPRegen  0.1/turn               q - +3 ring of dexterity

@: starving, hasted, very quick
A: retaliatory headbutt, horns 2
a: no special abilities


You were in the Dungeon.
You were starving.

You visited 1 branch You collected 12 gold pieces.

Inventory:

Hand Weapons
 a - a +0 war axe
 s - a +3 war axe of freezing
 z - a +2 halberd of venom (weapon)
Armour
 b - a +0 scale mail
 c - a +0 shield
 r - a +0 plate armour (worn)
 t - a +0 pair of gloves (worn)
Jewellery
 p - a +3 ring of intelligence (left hand)
 q - a +3 ring of dexterity (right hand)
Wands
 o - a wand of iceblast (7/15)
Scrolls
 k - 2 scrolls of blinking
 m - 5 scrolls of remove curse
 n - 2 scrolls of amnesia
 w - a scroll of fog
 x - a scroll of fear
 y - a scroll of identify
Potions
 d - a potion of might
 e - 5 potions of curing
 g - 2 potions of heal wounds
 i - 4 potions of magic
 j - 2 potions of berserk rage
 l - a potion of invisibility
 u - a potion of agility
 v - 2 potions of brilliance
Comestibles
 f - a bread ration


   Skills:
 + Level 11.0 Fighting
 + Level 12.4 Axes
 + Level 11.2 Armour
 + Level 2.5 Dodging
 + Level 0.3 Stealth
 + Level 12.3 Shields


You had 7 spell levels left.
You didn't know any spells.

Dungeon Overview and Level Annotations

Branches:
Dungeon (1/1)

Altars:
Cheibriados
Dithmenos
Elyvilon
Fedhas
Gozag
Hepliaklqana
Kikubaaqudgha
Makhleb
Nemelex Xobeh
Okawaru
Qazlal
Ru
Sif Muna
Trog
Uskayaw
Vehumet
Xom
Yredelemnul
Zin
The Shining One
Beogh
Jiyva
Lugonu


Innate Abilities, Weirdness & Mutations

You reflexively headbutt those who attack you in melee.
You have a pair of horns on your head.


Message History

The 13-headed hydra closely misses you. The 13-headed hydra bites you!
The 13-headed hydra bites you but does no damage.
The 13-headed hydra barely misses you. x2
You hit the 13-headed hydra.
The 13-headed hydra looks as sick as possible!
Your headbutt misses the 13-headed hydra.
The 13-headed hydra is moderately wounded.
The 13-headed hydra bites you.
* * * LOW HITPOINT WARNING * * *
The 13-headed hydra bites you!
* * * LOW HITPOINT WARNING * * *
The 13-headed hydra bites you!
* * * LOW HITPOINT WARNING * * *
The 13-headed hydra bites you.
* * * LOW HITPOINT WARNING * * *
The 13-headed hydra bites you but does no damage.
The 13-headed hydra barely misses you.
The 13-headed hydra bites you but does no damage. x2
The 13-headed hydra barely misses you. The 13-headed hydra bites you.
You die...

▓▓▓▓▓▓▓▓▓▓▓▓▓▓▓▓▓▓▓▓▓▓▓▓▓▓▓
..SS.tl..!.![.......†......
▓▓▓▓▓▓▓▓▓▓▓▓▓▓▓▓▓▓▓▓▓▓▓▓▓▓▓▓▓▓▓▓▓
....................l............
▓▓▓▓▓▓▓▓▓▓▓▓▓▓▓▓▓▓▓▓▓▓▓▓▓▓▓▓▓▓▓▓▓
...).....).....'@DSSt_____D__S___
▓▓▓▓▓▓▓▓▓▓▓▓▓▓▓▓▓▓▓▓▓▓▓▓▓▓▓▓▓▓▓▓▓


You could see a 13-headed hydra, a black mamba, a water moccasin and a
crocodile.

Vanquished Creatures
  An unseen horror (D)
  A hippogriff (D)
  A hungry ghost (D)
  2 water moccasins (D)
  2 sky beasts (D)
  An ogre (D)
  A centaur (D)
  2 bullfrogs (D)
  A scorpion (D)
  A hound (D)
  2 worker ants (D)
  An adder (D)
  An adder zombie (D)
  An adder skeleton (D)
  2 bats (D)
  A bat skeleton (D)
  2 hobgoblins (D)
  2 quokkas (D)
  A kobold (D)
26 creatures vanquished.

Notes
Turn   | Place    | Note
-------+----------+-------------------------------------------
     0 | D        | equalderp2856 the Minotaur Fighter began the quest for the Orb.
     0 | D        | Reached XP level 1. HP: 19/19 MP: 0/0
    28 | D        | Noticed an ogre
    35 | D        | Killed an ogre
    35 | D        | Reached XP level 2. HP: 6/30 MP: 1/1
    35 | D        | Reached XP level 3. HP: 8/37 MP: 2/2
    35 | D        | Reached XP level 4. HP: 9/44 MP: 3/3
   260 | D        | Found a roughly hewn altar of Beogh.
   260 | D        | Found a snail-covered altar of Cheibriados.
   260 | D        | Found a shadowy altar of Dithmenos.
   260 | D        | Found a white marble altar of Elyvilon.
   260 | D        | Found a blossoming altar of Fedhas.
   260 | D        | Found an opulent altar of Gozag.
   261 | D        | Found a hazy altar of Hepliaklqana.
   262 | D        | Found a viscous altar of Jiyva.
   263 | D        | Found an ancient bone altar of Kikubaaqudgha.
   264 | D        | Found a corrupted altar of Lugonu.
   265 | D        | Found a burning altar of Makhleb.
   266 | D        | Found a sparkling altar of Nemelex Xobeh.
   267 | D        | Found an iron altar of Okawaru.
   268 | D        | Found a stormy altar of Qazlal.
   269 | D        | Found a sacrificial altar of Ru.
   270 | D        | Found a deep blue altar of Sif Muna.
   271 | D        | Found a bloodstained altar of Trog.
   272 | D        | Found a hide-covered altar of Uskayaw.
   273 | D        | Found a radiant altar of Vehumet.
   275 | D        | Found a shimmering altar of Xom.
   276 | D        | Found a basalt altar of Yredelemnul.
   277 | D        | Found a glowing silver altar of Zin.
   278 | D        | Found a glowing golden altar of the Shining One.
   343 | D        | Noticed a hippogriff
   343 | D        | Noticed a hungry ghost
   343 | D        | Noticed a sky beast
   351 | D        | Killed a hippogriff
   351 | D        | Reached skill level 1 in Dodging
   351 | D        | Reached XP level 5. HP: 41/53 MP: 4/4
   351 | D        | Reached XP level 6. HP: 47/61 MP: 5/5
   361 | D        | Killed a hungry ghost
   361 | D        | Reached skill level 10 in Shields
   369 | D        | Killed a sky beast
   369 | D        | Reached XP level 7. HP: 42/70 MP: 6/6
   379 | D        | Killed an unseen horror
   379 | D        | Reached skill level 10 in Fighting
   379 | D        | Reached skill level 10 in Axes
   379 | D        | Reached skill level 10 in Armour
   379 | D        | Reached XP level 8. HP: 21/80 MP: 7/7
   776 | D        | Noticed a black mamba
   788 | D        | Noticed an eight-headed hydra
   955 | D        | HP: 3/82 [13-headed hydra (3)]
   955 | D        | Slain by a 13-headed hydra

Skill      XL: |  1  2  3  4  5  6  7  8 |
---------------+-------------------------+-----
Fighting       | 6 8 9 10 11 | 11.0
Armour         | 6 8 9 10 11 | 11.2
Shields        | 7 9 10 11 12 | 12.3
Axes           | 4 6 8 10 12 | 12.4
Dodging        | 1 2 |  2.5
Stealth        | |  0.3

Action                   |  1- 3 |  4- 6 |  7- 9 || total
-------------------------+-------+-------+-------++-------
Melee: War axe           |    25 |    32 |    49 ||   106
       Headbutt          |     5 |     4 |    14 ||    23
       Halberd           |       |       |     7 ||     7
  Use: Potion            |       |       |     2 ||     2
Armor: Scale mail        |    10 |     6 |       ||    16
       Plate armour      |       |    14 |    56 ||    70
Dodge: Dodged            |     7 |     9 |    29 ||    45
Block: Shield            |    14 |    20 |    25 ||    59
